Vibes bronze to gm
0:02 | | Make probes until 76 | |
0:19 | | ||
0:39 | | Scout | |
0:45 | | chrono | |
0:55 | | ||
1:26 | | ||
1:29 | | ||
1:44 | | ||
1:50 | | ||
2:07 | | ||
2:09 | | ||
2:23 | | ||
2:32 | | ||
2:46 | | ||
2:49 | | ||
3:10 | | ||
3:12 | | ||
3:32 | | Gas 3 + 4 at 10+ probes saturation | |
3:39 | | ||
3:43 | | stalker colossus until 140 supply | |
4:32 | | Stop at 4-6 Coloussus | |
4:36 | | stop at 4-6 colossus | |
4:54 | | ||
4:58 | | ||
5:33 | | ||
5:50 | | @100% third start a fourth | |
5:56 | | ||
6:35 | | ||
6:46 | | ||
6:50 | | ||
7:11 | | ||
7:21 | | ||
140 | 7:58 | | Stop Stalker / Coloussus -> Archon |
120 | 8:05 | | |
8:31 | | ||
9:01 | | ||
9:30 | | ||
10:08 | | Per Base | |
10:10 | | Per Base | |
10:53 | |
On July 10, 2019, 4:20 p.m., ANTI said:
Why is it called poo though? lol